 Dungeon Crawl Stone Soup version 0.30-a0-782-ge64f9170bb (console) character file.

Game seed: 6447975181823380139

3987 utis the Nimble (level 10, 0/64 HPs)
             Began as a Tengu Wanderer on Mar 9, 2023.
             Slain by a killer bee (8 damage)
             ... on level 8 of the Dungeon.
             The game lasted 00:19:07 (9383 turns).

utis the Nimble (Tengu Wanderer)                    Turns: 9383, Time: 00:19:08

Health: 0/64       AC: 12    Str: 16    XL:     10   Next: 22%
Magic:  12/12      EV: 11    Int: 15    God:
Gold:   418        SH:  0    Dex: 12    Spells: 11/11 levels left

rFire   . . .      SeeInvis .    a - +7 short sword {drain, rElec Stlth+}
rCold   . . .      Faith    .    (no shield)
rNeg    . . .      Spirit   .    l - +1 chain mail
rPois   .          Reflect  .    (helmet restricted)
rElec   +          Harm     .    (no cloak)
rCorr   .          Rampage  .    (no gloves)
Will    .....                    (boots unavailable) Stlth
                                 (no amulet)
HPRegen 0.30/turn                (no ring)
MPRegen 0.13/turn                (no ring)

@: lethally poisoned (0 -> -14), flying quickly and evasively, quick
A: beak, talons 3, nimble flight
a: no special abilities


You were on level 8 of the Dungeon.
You visited 1 branch of the dungeon, and saw 9 of its levels.

You collected 418 gold pieces.

Inventory:

Hand Weapons
 a - the +7 short sword of the Queen (weapon) {drain, rElec Stlth+}
   (You took it off Robin on level 3 of the Dungeon)

   rElec:     It insulates you from electricity.
   Stlth:     It makes you more stealthy.
 p - a +2 quarterstaff
 x - a +0 halberd
 y - a +4 shortbow
 E - a +1 dagger of electrocution
 F - a +1 short sword of electrocution
 G - a +2 dagger of holy wrath
 H - a +1 dagger of venom
Missiles
 i - 62 stones (quivered)
 o - 4 atropa-tipped darts
 v - 3 throwing nets {=f}
 D - 27 poisoned darts
Armour
 b - a +0 ring mail
 l - a +1 chain mail (worn)
Jewellery
 Z - a ring of wizardry
Wands
 k - a wand of mindburst (2)
 w - a wand of light (18)
 C - a wand of roots (1)
Scrolls
 e - 6 scrolls of amnesia
 h - a scroll of immolation
 j - a scroll of enchant armour
 m - 8 scrolls of teleportation {@r4}
 r - a scroll of blinking
 s - a scroll of vulnerability
 t - a scroll of poison
Potions
 c - 2 potions of lignification
 d - 3 potions of cancellation
 f - a potion of mutation {!q}
 g - 4 potions of heal wounds {@q2}
 n - 2 potions of brilliance
 q - 3 potions of flight {unknown}
 u - a potion of might {unknown}
 z - 2 potions of berserk rage {!q}
 A - a potion of haste {@q3}
 B - 2 potions of curing {@q1}


   Skills:
 + Level 8.0 Fighting
 + Level 2.9 Short Blades
 - Level 4.5 Staves
 + Level 8.8 Armour
 + Level 8.8 Dodging
 - Level 1.0 Spellcasting
 - Level 1.5 Transmutations
 - Level 1.0 Evocations


You had 11 spell levels left.
You didn't know any spells.
Your spell library contained the following spells:

 Spells                   Type           Power      Damage    Failure   Level
 Sting                    Tmut/Pois      12%        1d3       91%         1
 Wereblood                Tmut           5%         N/A       93%         2
 Freeze                   Ice            0%         1d3       96%         1
 Passwall                 Tmut/Erth      2%         N/A       97%         2
 Lesser Beckoning         Tloc           0%         N/A       99%         2
 Frozen Ramparts          Ice            0%         1d1       100%        3
 Hailstorm                Conj/Ice       0%         3d3       100%        3
 Tukima's Dance           Hex            0%         N/A       100%        3
 Cause Fear               Hex            0%         N/A       100%        4
 Manifold Assault         Tloc           0%         N/A       100%        4
 Passage of Golubria      Tloc           0%         N/A       100%        4
 Yara's Violent Unravell  Hex/Tmut       1%         3d3       100%        5
 Dragon Form              Tmut           2%         N/A       100%        7
 Malign Gateway           Summ/Tloc      0%         N/A       100%        7
 Dragon's Call            Summ           0%         N/A       100%        9


Dungeon Overview and Level Annotations

Branches:
Dungeon (9/15)             Temple (0/1) D:6
   Lair: D:8-11         Orc: D:9-12

Altars:
Dithmenos
Elyvilon
Gozag
Hepliaklqana
Kikubaaqudgha
Nemelex Xobeh
Okawaru
Sif Muna

Annotations:
D:9 Maggie


Innate Abilities, Weirdness & Mutations

You have a beak for a mouth.
You have claws for feet.
Your magical nature lets you fly swiftly and evasively.


Message History

The killer bee poisons you! The killer bee misses you.
The killer bee stings you but does no damage.
The killer bee stings you.
You are more poisoned.
The killer bee poisons you!
The killer bee stings you but does no damage. x3
There is a stone staircase leading up here.
You feel very sick.
The orc shouts!
The killer bee barely misses you. The killer bee closely misses you.
The killer bee stings you. x2; The killer bee barely misses you.
The killer bee completely misses you. The killer bee misses you.
The orc throws a boomerang.
The boomerang hits you. The killer bee stings you.
You are more poisoned.
The killer bee poisons you!
You fly upwards.
You feel extremely sick.
There is a stone staircase leading down here.
You miss the killer bee. Your peck misses the killer bee.
You feel very sick. The killer bee stings you.
* * * LOW HITPOINT WARNING * * *
The killer bee stings you but does no damage.
The killer bee barely misses you. x2
You barely miss the killer bee. Your kick misses the killer bee.
You feel sick.
The killer bee stings you but does no damage. x2
The killer bee barely misses you.
The killer bee stings you but does no damage. x3
The killer bee barely misses you.
The killer bee stings you but does no damage.
You barely miss the killer bee. Your kick misses the killer bee.
You feel sick. The killer bee stings you.
* * * LOW HITPOINT WARNING * * *
The killer bee stings you!
* * * LOW HITPOINT WARNING * * *
You are more poisoned.
The killer bee poisons you! The killer bee closely misses you.
The killer bee stings you but does no damage.
The killer bee barely misses you. The killer bee stings you!
You die...

░.......░ ░.░...░░░...... ░
░.░░░░░.░ ░.░........░░░░
░░░░.░░░░░.░░░░░░░░.....░<░.░░
░ ........░░.......░░░░░.░░.░.░
░ ░░░░.░░.░░..░░░░.░ ░......░ ░
░ ░.░░..........░ ░░░░.░░░ ░
░........░.░░.░ ░░.░░ ░
░░░░░░░.....yy░ ░...░ ░
░.░░..yQ░ ░...░░░░░░
░░░░░░░░.░░░░░y░░░░ ░.........
░.....░░..........░░░░....░░░░.
░
░.....░........░░...[........░.
░
░.......)...░░......)..........
░
░.....░.........░............░.
░
░.....░░............░░....░░░░.
░
░░░░░░░░░.░..░░>░.░.░░.........
░ ░.░.......░.░.....░░░░.


You could see 4 killer bees.

Vanquished Creatures
  The ghost of Notanamesir the Covert, a novice KoBr of Nemelex Xobeh (D:6)
  A troll (D:7)
  Prince Ribbit (D:6)
  Sigmund (D:2)
  A wyvern (D:8)
  2 yaks
  A steam dragon (D:5)
  2 black bears
  2 orc warriors (D:6)
  2 sky beasts
  2 ice beasts
  2 ogres
  A centaur (D:6)
  4 kobold brigands
  3 phantoms
  2 necrophages
  A bullfrog (D:8)
  A scorpion (D:5)
  5 jellies
  A howler monkey (D:4)
  4 hounds
  3 orc priests
  A gnoll bouda (D:5)
  5 orc wizards
  Robin (D:3)
  8 gnolls (D:5)
  5 adders
  2 white imps
  An ufetubus (D:7)
  A worm (D:4)
  17 orcs
  7 ball pythons
  6 endoplasms
  4 giant cockroaches
  15 goblins
  7 hobgoblins
  4 jackals (D:1)
  26 kobolds
  2 quokkas
  3 bats
  3 frilled lizards
  5 rats
166 creatures vanquished.

Vanquished Creatures (others)
  A plant (D:6)
1 creature vanquished.

Grand Total: 167 creatures vanquished

Notes
Turn   | Place    | Note
-------+----------+-------------------------------------------
     0 | D:1      | utis the Tengu Wanderer began the quest for the Orb.
     0 | D:1      | utis set off with the following items: a +2 quarterstaff, a
                  | +0 ring mail, a potion of lignification; and the following
                  | spells available to memorise: Wereblood, Passwall.
     0 | D:1      | Reached XP level 1. HP: 12/12 MP: 3/3
   384 | D:1      | Reached XP level 2. HP: 16/16 MP: 4/4
   699 | D:1      | Reached XP level 3. HP: 20/20 MP: 5/5
  1238 | D:2      | Noticed Sigmund
  1309 | D:2      | Killed Sigmund
  1310 | D:2      | Reached XP level 4. HP: 19/27 MP: 6/6
  1310 | D:2      | Gained mutation: Your magical nature lets you fly swiftly
                  | and evasively. [Tengu growth]
  1310 | D:2      | Reached XP level 5. HP: 22/31 MP: 7/7
  1679 | D:3      | Noticed Robin
  2015 | D:3      | Got Golubria's Textbook on Superposition
  2353 | D:3      | Identified the +7 short sword of the Queen {drain, rElec
                  | Stlth+}
  2364 | D:3      | Killed Robin
  2401 | D:3      | Reached XP level 6. HP: 33/36 MP: 8/8
  2849 | D:4      | Reached skill level 1 in Short Blades
  2963 | D:4      | Noticed a black bear
  2973 | D:4      | Killed a black bear
  3174 | D:4      | Found a shimmering blue altar of Sif Muna.
  3204 | D:4      | Reached XP level 7. HP: 39/41 MP: 9/9
  3205 | D:4      | Got Sif Muna's Reference Book on Sculpting
  3861 | D:5      | Entered Level 5 of the Dungeon
  4037 | D:5      | Noticed a steam dragon
  4070 | D:5      | Killed a steam dragon
  4205 | D:5      | Reached skill level 5 in Armour
  4205 | D:5      | Reached skill level 5 in Dodging
  4253 | D:5      | Found an iron altar of Okawaru.
  4385 | D:5      | Reached XP level 8. HP: 48/48 MP: 10/10
  4671 | D:5      | Reached skill level 5 in Fighting
  5401 | D:6      | Noticed Notanamesir's ghost (novice KoBr)
  5401 | D:6      | Found a runed translucent gate.
  5401 | D:6      | Found a runed translucent gate.
  5401 | D:6      | Found a runed translucent gate.
  5406 | D:6      | Identified the +1 plate armour "Xocigir" {*Slow rCorr
                  | Int+5}
  5994 | D:6      | Found a staircase to the Ecumenical Temple.
  5999 | D:6      | Noticed Prince Ribbit
  6007 | D:6      | Killed Prince Ribbit
  6008 | D:6      | Reached XP level 9. HP: 48/55 MP: 11/11
  6535 | D:6      | Killed Notanamesir's ghost
  7286 | D:7      | Noticed a troll
  7295 | D:7      | Killed a troll
  7841 | D:7      | Found a sparkling altar of Nemelex Xobeh.
  7847 | D:7      | Found an opulent altar of Gozag.
  7847 | D:7      | Found an ancient bone altar of Kikubaaqudgha.
  7847 | D:7      | Found a hazy altar of Hepliaklqana.
  7850 | D:7      | Found a shadowy altar of Dithmenos.
  8537 | D:8      | Reached XP level 10. HP: 54/64 MP: 12/12
  8591 | D:8      | Found a white marble altar of Elyvilon.
  9216 | D:9      | Noticed Maggie
  9383 | D:8      | Slain by a killer bee

Illustrated notes

Levels and vault maps discovered:
D:1:      evilmike_arrival_rings, layout_loops_ring
D:2:      layout_rooms, minmay_pentomino_r2, uniq_sigmund
D:3:      layout_basic, uniq_robin
D:4:      layout_loops_corners, led_sif_book, kennysheep_generic_room_2
D:5:      layout_basic, okawaru_metal_pillars_1_2
D:6:      layout_basic, minmay_temple_entry_gardened_gates,
          biasface_ghost_orc_armoury, hangedman_decor_diamond_cutter,
          uniq_prince_ribbit1
D:7:      layout_layer_cave, minitemple
D:8:      layout_loops_cross, mainiacjoe_overflow_concentric_impassable
D:9:      layout_big_octagon, kennysheep_mini, david_orc_3, uniq_maggie

Skill      XL: |  1  2  3  4  5  6  7  8  9 10 |
---------------+-------------------------------+-----
Armour         | 3 5 6 8 |  8.8
Dodging        | 3 5 6 8 |  8.8
Fighting       | 2 3 4 6 7 8 |  8.0
Staves         | 4 |  4.5
Short Blades   | 1 2 |  2.9
Spellcasting   | |  1.0
Transmutations | |  1.5
Evocations     | |  1.0

Action                     |  1- 3 |  4- 6 |  7- 9 | 10-12 || total
---------------------------+-------+-------+-------+-------++-------
  Melee: Quarterstaff      |    55 |    50 |    20 |       ||   125
         Peck              |     8 |    14 |    51 |     9 ||    82
         Kick              |     7 |    19 |    81 |    16 ||   123
         Short sword       |       |    46 |   265 |    62 ||   373
         Punch             |       |     1 |     1 |     1 ||     3
  Throw: Stone             |       |       |     1 |       ||     1
  Evoke: Wand              |     3 |     4 |       |       ||     7
    Use: Scroll            |     1 |     5 |     9 |     1 ||    16
 Armour: Ring mail         |    21 |       |       |       ||    21
         Chain mail        |       |    50 |   119 |    39 ||   208
  Dodge: Dodged            |    25 |    37 |   114 |    43 ||   219

Table legend: (Time is in decaauts)
 A = Elapsed time spent in this place.
 B = Non-inter-level travel time spent in this place.
 C = Inter-level travel time spent in this place.
 D = Time resting spent in this place.
 E = Time spent auto-exploring this place.
 F = Levels seen in this place.
 G = Mean time per level.
                   A        B        C        D        E       F      G
               +--------+--------+--------+--------+--------+-----+--------+
         Total |   8778 |   8253 |    525 |   1336 |   5264 |   9 |  975.3 |
       Dungeon |   8778 |   8253 |    525 |   1336 |   5264 |   9 |  975.3 |
               +--------+--------+--------+--------+--------+-----+--------+

Top non-repeatable levels by time:
     D:6: 1555 daAuts
     D:8: 1265 daAuts
     D:7: 1150 daAuts
     D:4: 1114 daAuts
     D:5: 1063 daAuts
     D:1: 1062 daAuts
     D:3: 883 daAuts
     D:2: 603 daAuts
     D:9: 79 daAuts
